AoeStats
← kühlfrost

Nomad

508702713Analyzed
2v2 RM · 10d ago on Sep 23, 2026· 45m 41s· 4 players
Game mode
Random Map
Map size
176×176
Population
200
Speed
Normal
Resources
Standard
Victory
Conquest
Starting age
Dark Age
Ending age
Imperial Age
RankedLock teamsTeams togetherTeam positionsShared explorationLock speedFull tech treeHidden civsTurbo modeCheats
Victory
Defeat
🇩🇪 Poles · Germany
1116
+17
🇷🇴 Huns · Romania
1092
+18
🇩🇪 Lithuanians · Germany
1145
-17
🇨🇭 Bohemians · Switzerland
1145
-18
Dine'nDash
4:33 Loom
12:54 Feudal Age
13:44 Horse Collar
19:21 Castle Age
19:10 Bloodlines
19:18 Forging
19:14 Scale Barding Armor
20:12 Husbandry
20:09 Double-Bit Axe
21:00 Pikeman
25:33 Heavy Plow
29:28 Szlachta Privileges
31:02 Chain Barding Armor
34:08 Iron Casting
35:14 Fletching
37:01 Wheelbarrow
36:11 Town Watch
37:42 Town Watch
43:48 Imperial Age
42:30 Bodkin Arrow
Barbarianu
14:44 Feudal Age
14:41 Loom
17:01 Man-at-Arms
23:10 Castle Age
22:31 Bloodlines
22:36 Fishing Lines
23:34 Double-Bit Axe
23:48 Horse Collar
24:47 Forging
28:00 Husbandry
28:54 Scale Barding Armor
29:24 Iron Casting
33:29 Chain Barding Armor
33:52 Stone Mining
39:23 Heavy Plow
45:19 Imperial Age
43:08 Gold Mining
45:22 Cavalier
46:25 Conscription
kühlfrost
6:47 Loom
12:39 Feudal Age
12:45 Feudal Age
19:13 Castle Age
17:54 Horse Collar
19:19 Scale Barding Armor
19:03 Double-Bit Axe
21:14 Bloodlines
22:34 Forging
23:45 Wheelbarrow
24:45 Husbandry
30:28 Chain Barding Armor
30:41 Gold Mining
31:07 Town Watch
35:13 Iron Casting
37:13 Hand Cart
41:55 Imperial Age
39:28 Stone Mining
41:19 Hand Cart
42:30 Fletching
43:18 Plate Barding Armor
42:05 Cavalier
42:41 Fletching
45:41 Heavy Plow
Raobil53
7:33 Loom
13:56 Feudal Age
14:31 Double-Bit Axe
21:12 Horse Collar
24:38 Castle Age
25:19 Pikeman
27:08 Scale Mail Armor
27:57 Forging
28:49 Chain Mail Armor
30:41 Town Watch
31:33 Wheelbarrow
32:16 Iron Casting
38:35 Fletching
43:46 Bodkin Arrow
Connection lost

Rejoining the realm…

Still unreachable

The connection could not be restored.

Session expired

The server has moved on; the page needs a fresh start.